 Dungeon Crawl Stone Soup version 0.24-a0-458-gfcb5e6d (webtiles) character file.

Game seed: 15276155617781558989

9044 GandaPestile the Cleaver (level 11, 0/100 HPs)
             Began as a Minotaur Fighter on June 27, 2019.
             Was a Follower of Okawaru.
             Shot with a bolt by a tengu warrior (4 damage)
             ... on level 9 of the Dungeon.
             The game lasted 00:45:01 (8761 turns).

GandaPestile the Cleaver (Minotaur Fighter)         Turns: 8761, Time: 00:45:02

Health: 0/100      AC: 10    Str: 23    XL:     11   Next: 17%
Magic:  10/10      EV: 11    Int:  5    God:    Okawaru [*.....]
Gold:   401        SH:  0    Dex: 13    Spells: 10/10 levels left

rFire    . . .     SeeInvis .   G - +4 battleaxe
rCold    . . .     Gourm    .   (shield currently unavailable)
rNeg     + . .     Faith    .   I - +0 troll leather armour
rPois    .         Spirit   .   (helmet unavailable)
rElec    .         Reflect  .   (no cloak)
rCorr    .         Harm     .   (no gloves)
MR       .....                  i - +1 pair of boots
Stlth    +.........             l - amulet of magic regeneration
HPRegen  0.66/turn              F - ring of positive energy
MPRegen  0.37/turn              (no ring)

@: lethally poisoned (0 -> 0)
A: retaliatory headbutt, horns 3, yellow scales 1, agile 1
a: Heroism, Renounce Religion


You were on level 9 of the Dungeon.
You worshipped Okawaru.
Okawaru was aware of your devotion.
You were not hungry.

You visited 2 branches of the dungeon, and saw 10 of its levels.
You also visited: Ossuary.

You collected 498 gold pieces.
You spent 97 gold pieces at shops.

Inventory:

Hand Weapons
 a - a +1 war axe
 p - a +1 antimagic short sword
 A - a +1 hand axe of chopping
 E - a +2 battleaxe
 G - a +4 battleaxe (weapon)
Armour
 b - a +0 scale mail
 c - a +0 shield
 g - a +0 chain mail
 i - a +1 pair of boots (worn)
 o - a +0 robe
 r - a +0 shield
 x - a cursed +0 ring mail
 B - a +0 scale mail
 I - a +0 troll leather armour (worn)
Jewellery
 l - an amulet of magic regeneration (around neck)
 n - an uncursed amulet of guardian spirit {unknown}
 F - a ring of positive energy (left hand)
 J - an uncursed amulet of the acrobat {unknown}
Wands
 e - a wand of random effects (15)
 j - a wand of iceblast (17)
 m - a wand of acid (12)
 v - a wand of flame (13)
 D - a wand of enslavement (4)
 H - a wand of paralysis (10)
Scrolls
 h - 3 scrolls of remove curse
 k - 2 scrolls of amnesia
 s - a scroll of blinking
 t - 4 scrolls of identify
 w - a scroll of magic mapping
 y - a scroll of teleportation
 C - a scroll of fear {unknown}
Potions
 d - a potion of might
 q - 2 potions of cancellation
 u - 2 potions of flight
 z - 3 potions of mutation
 K - a potion of lignification {unknown}
 L - a potion of curing
Comestibles
 f - 21 rations


   Skills:
 + Level 10.2 Fighting
 * Level 13.2 Axes
 + Level 10.2 Armour
 - Level 9.4 Shields


You had 10 spell levels left.
You didn't know any spells.
Your spell library contained the following spells:

 Spells                   Type           Power        Failure   Level  Hunger
 Irradiate                Conj/Tmut      #.........   100%        5    ######.
 Hydra Form               Tmut           #.........   100%        6    #######
 Statue Form              Tmut/Erth      #........    100%        6    #######
 Dragon Form              Tmut           #.........   100%        7    #######


Dungeon Overview and Level Annotations

Branches:
Dungeon (9/15)             Temple (1/1) D:6             Orc (0/2) D:9
   Lair: D:8-11

Altars:
Ashenzari
Cheibriados
Dithmenos
Elyvilon
Fedhas
Gozag
Hepliaklqana
Kikubaaqudgha
Makhleb
Nemelex Xobeh
Okawaru
Qazlal
Ru
Sif Muna
Uskayaw
Vehumet
Wu Jian
Xom
Yredelemnul
Zin
The Shining One

Shops:
D:8 *


Innate Abilities, Weirdness & Mutations

You reflexively headbutt those who attack you in melee.
You have a pair of large horns on your head.
You are partially covered in yellow scales. (AC +2)
You are agile. (Dex +2)


Message History

The bolt burns you.
* * * LOW HITPOINT WARNING * * *
You see here a bolt.
Okay, then.
Aiming: Paralyse
Press: ? - help, Shift-Dir - straight line, f/p - tengu warrior
Aim: a tengu warrior, wielding a +2 arbalest of flaming and wearing a +0 leather armour (severely wounded, chance to defeat MR: 28%)
The tengu warrior easily resists.
Aiming: Iceblast
Press: ? - help, Shift-Dir - straight line, f/p - tengu warrior
Aim: a tengu warrior, wielding a +2 arbalest of flaming and wearing a +0 leather armour (severely wounded)
The mass of ice explodes!
The iceblast engulfs the tengu warrior!
The tengu warrior is almost dead.
You hear an angry hiss.
You feel sick.
You hear an angry hiss.
You hear a bellow!
The tengu warrior shoots a bolt.
The bolt hits you!!
* * * LOW HITPOINT WARNING * * *
The bolt burns you.
You die...

#....#######..#[.#######....#
....##.....##...##.....##...#
...##.......##.##.......##..#
..##.........###.........##.#
..#...........#...........#[#
..#...........#...........#.#
..†..............(........#.#
..#)..........#...........#.#
..#...........#.@.........#.#
#.##.........###.(.......##.#
#..##.......## ##...(...##..#
##..##.....## ##.(...##..##
###..####### ###Q###..##
.#..## ....##..## ...##
#....##..# ..##
#..#..##.##### ..#
#..##..#......


You could see a tengu warrior.

Vanquished Creatures
  Pikel (D:8)
  A manticore (D:6)
  Joseph (D:7)
  Maurice (D:8)
  A queen bee (D:9)
  2 trolls (D:8)
  Grinder (D:6)
  A hippogriff (D:7)
  Grum (D:8)
  2 soldier ants (D:8)
  A black bear (D:6)
  5 orc warriors
  A phantom (D:8)
  2 ice beasts
  3 ogres
  2 wolves (D:8)
  5 centaurs
  A crocodile (D:9)
  3 bullfrogs
  3 scorpions
  A wyvern skeleton (D:9)
  29 killer bees
  14 wights
  2 howler monkeys
  8 crimson imps
  3 quasits
  2 centaur zombies
  7 orc priests
  2 jellies
  8 hounds
  5 iguanas
  9 orc wizards
  Crazy Yiuf (D:2)
  2 centaur skeletons
  Jessica (D:2)
  11 worker ants
  4 big kobold zombies (Ossuary)
  2 hound skeletons (D:7)
  5 mummies (Ossuary)
  A howler monkey skeleton (D:5)
  14 adders
  4 gnolls (D:6)
  4 shadow imps
  3 oozes
  An adder skeleton (D:5)
  3 worms
  7 dart slugs
  3 leopard geckos
  29 orcs
  6 giant cockroaches
  8 hobgoblins
  10 jackals
  7 quokkas
  A ball python (D:3)
  7 bats
  4 frilled lizards
  6 goblins
  3 hobgoblin zombies (Ossuary)
  9 kobolds
  6 rats
  2 toadstools (D:1)
292 creatures vanquished.

Vanquished Creatures (others)
  4 slaves (D:8)
  2 killer bees (D:8)
  A bullfrog skeleton (D:8)
  12 toadstools (D:1)
19 creatures vanquished.

Grand Total: 311 creatures vanquished

Notes
Turn   | Place    | Note
-------+----------+-------------------------------------------
     0 | D:1      | GandaPestile the Minotaur Fighter began the quest for the
                  | Orb.
     0 | D:1      | Reached XP level 1. HP: 19/19 MP: 0/0
   172 | D:1      | Reached XP level 2. HP: 26/27 MP: 1/1
   343 | D:1      | Reached skill level 3 in Axes
   343 | D:1      | Reached XP level 3. HP: 33/33 MP: 2/2
   621 | D:2      | Reached XP level 4. HP: 32/40 MP: 3/3
   689 | D:2      | Noticed Jessica
   705 | D:2      | Killed Jessica
  1031 | D:2      | Found a runed translucent door.
  1032 | D:2      | Noticed Crazy Yiuf
  1107 | D:2      | Reached skill level 4 in Axes
  1360 | D:2      | Reached XP level 5. HP: 47/47 MP: 4/4
  1593 | D:2      | Killed Crazy Yiuf
  1938 | D:3      | Found a burning altar of Makhleb.
  2094 | D:3      | Reached skill level 5 in Axes
  2094 | D:3      | Reached skill level 5 in Shields
  2094 | D:3      | Reached XP level 6. HP: 51/55 MP: 5/5
  2200 | D:3      | Reached skill level 5 in Fighting
  2202 | D:3      | Reached skill level 5 in Armour
  2371 | D:4      | Found a basalt altar of Yredelemnul.
  2513 | D:4      | Found a hide-covered altar of Uskayaw.
  2591 | D:4      | Found a sand-covered staircase.
  2596 | Ossuary  | Entered an ossuary
  2766 | Ossuary  | Reached skill level 6 in Axes
  2766 | Ossuary  | Reached XP level 7. HP: 59/61 MP: 6/6
  2990 | D:4      | Found a radiant altar of Vehumet.
  3203 | D:5      | Entered Level 5 of the Dungeon
  3282 | D:5      | Reached skill level 7 in Axes
  3509 | D:5      | Reached XP level 8. HP: 31/70 MP: 7/7
  3888 | D:5      | Found an opulent altar of Gozag.
  4413 | D:5      | Reached skill level 8 in Axes
  4496 | D:6      | Found a staircase to the Ecumenical Temple.
  4537 | Temple   | Entered the Ecumenical Temple
  4829 | D:6      | Reached skill level 9 in Axes
  4851 | D:6      | Noticed Grinder
  4855 | D:6      | Paralysed by Grinder for 3 turns
  4858 | D:6      | Killed Grinder
  4858 | D:6      | Reached XP level 9. HP: 74/79 MP: 8/8
  4972 | D:6      | Noticed a manticore
  4990 | D:6      | HP: 3/79 [manticore (16)]
  4995 | D:6      | Killed a manticore
  5397 | D:6      | Found a burning altar of Makhleb.
  5415 | D:6      | Reached skill level 10 in Axes
  6445 | D:7      | Reached XP level 10. HP: 90/90 MP: 9/9
  6446 | D:7      | Noticed Joseph
  6463 | D:7      | Killed Joseph
  6463 | D:7      | Reached skill level 11 in Axes
  6485 | D:7      | Found a hazy altar of Hepliaklqana.
  6651 | D:7      | Gained mutation: You are partially covered in yellow
                  | scales. (AC +2) [potion of mutation]
  6651 | D:7      | Gained mutation: You have a pair of large horns on your
                  | head. [potion of mutation]
  6651 | D:7      | Gained mutation: You are agile. (Dex +2) [potion of
                  | mutation]
  6686 | D:8      | Noticed Pikel
  6702 | D:8      | Killed Pikel
  6712 | D:8      | Found a stormy altar of Qazlal.
  6748 | D:8      | Found Tegopn's Mayhem Merchandise.
  6760 | D:8      | Noticed Maurice
  6797 | D:8      | Killed Maurice
  6871 | D:8      | Noticed Grum
  6895 | D:8      | Killed Grum
  6897 | D:8      | Reached skill level 12 in Axes
  7134 | D:8      | Bought a +0 battleaxe for 97 gold pieces
  7178 | D:8      | Found a shadowy altar of Dithmenos.
  7530 | D:9      | Found a sparkling altar of Nemelex Xobeh.
  7610 | D:9      | Found an iron altar of Okawaru.
  7642 | D:9      | Became a worshipper of Warmaster Okawaru
  8070 | D:9      | Found a staircase to the Orcish Mines.
  8181 | D:9      | Reached XP level 11. HP: 93/99 MP: 10/10
  8218 | D:9      | Reached skill level 10 in Fighting
  8225 | D:9      | Reached skill level 10 in Armour
  8500 | D:9      | Reached skill level 13 in Axes
  8506 | D:9      | Reached * piety under Okawaru
  8743 | D:9      | Noticed a tengu warrior
  8761 | D:9      | HP: 4/100 [tengu warrior/bolt (18)]
  8761 | D:9      | Shot with a bolt by a tengu warrior

Levels and vault maps discovered:
D:1:      nagdon_arrival_zigzag_paths, layout_basic, hangedman_decor_opposing
D:2:      layout_loops_ring, kennysheep_generic_room_15,
          uniq_crazy_yiuf_cottage, uniq_jessica
D:3:      wander_river, layout_basic, first_ration, bloody_makhleb
D:4:      layout_basic, lemuel_crystal_altar, lemuel_crystal_altar,
          vehumet_altar_wand_db, nicolae_ossuary_entry_plus
D:5:      layout_basic, grunt_gozag_breadcrumbs
D:6:      layout_cave_pods, nicolae_overflow_hidden_temple,
          minmay_temple_entry_arrows, uniq_grinder
D:7:      layout_loops_ring, kennysheep_mini, uniq_joseph
D:8:      layout_cave_pools, lemuel_crystal_altar,
          nicolae_dithmenos_through_a_glass_darkly, minmay_shop_mayhem,
          hangedman_pestilent_swarm, uniq_maurice, uniq_pikel, uniq_grum
D:9:      minmay_the_grid_octo_2x2 [minmay_the_grid_octo_empty,
          minmay_the_grid_octo_empty, minmay_the_grid_octo_pinwheel,
          minmay_the_grid_octo_prize_star], layout_gridville,
          lemuel_crystal_altar, tgw_trog, nemelex_xobeh_ov_fountains_minmay,
          orc_0_dummy, serial_co_window_serial, co_window_of_opportunity_a,
          co_window_of_opportunity_a, co_window_paths_a, co_window_paths_b,
          co_window_corner_a, co_window_paths_a, co_window_corner_a,
          co_window_corner_a, co_window_paths_b, co_window_2corner,
          co_window_cross_4, co_window_of_opportunity_b,
          co_window_of_opportunity_c, glass_columns_b, glass_columns_b,
          glass_columns_a, glass_columns_a, special_room [special_room_bee],
          uniq_erolcha
Temple:   minmay_temple_curvy_loop

Skill      XL: |  1  2  3  4  5  6  7  8  9 10 11 |
---------------+----------------------------------+-----
Shields        | 4 5 6 7 8 9 |  9.4
Fighting       | 4 5 6 7 8 9 10 | 10.2
Axes           | 3 4 5 6 7 9 10 12 13 | 13.2
Armour         | 4 5 6 7 8 9 10 | 10.2

Action                   |  1- 3 |  4- 6 |  7- 9 | 10-12 || total
-------------------------+-------+-------+-------+-------++-------
Melee: War axe           |    70 |   186 |   354 |    92 ||   702
       Headbutt          |     8 |    29 |    63 |    47 ||   147
       Battleaxe         |       |       |       |   157 ||   157
Evoke: Wand              |       |       |     1 |     8 ||     9
  Use: Scroll            |       |     1 |     9 |     8 ||    18
       Potion            |       |       |     4 |    10 ||    14
  Eat: Chunk             |       |     3 |     5 |     6 ||    14
       Ration            |       |     1 |     2 |     1 ||     4
Armor: Scale mail        |    13 |       |       |       ||    13
       Chain mail        |    42 |    94 |   153 |    89 ||   378
       Troll leather arm |       |       |       |    73 ||    73
Dodge: Dodged            |    21 |    48 |    66 |   144 ||   279
Block: Shield            |    54 |   123 |   199 |    95 ||   471

Table legend:
 A = Non-vault XP
 B = Vault XP
 C = Vault XP percentage of total XP
 D = Non-vault monster count
 E = Vault monster count
 F = Vault count percentage of total count
                 A         B        C        D         E       F
            +---------+---------+-------+---------+---------+-------
      Total |    8317 |    4604 |  35.6 |     239 |      51 |  17.6
            +---------+---------+-------+---------+---------+-------
        D:1 |      46 |       0 |   0.0 |      19 |       0 |   0.0
        D:2 |     122 |      78 |  39.0 |      28 |       3 |   9.7
        D:3 |     225 |       0 |   0.0 |      30 |       0 |   0.0
        D:4 |     154 |       2 |   1.3 |       5 |       1 |  16.7
        D:5 |    1189 |       0 |   0.0 |      41 |       0 |   0.0
        D:6 |    1832 |     290 |  13.7 |      32 |       1 |   3.0
        D:7 |    1543 |     475 |  23.5 |      27 |       1 |   3.6
        D:8 |    2193 |    1846 |  45.7 |      34 |       9 |  20.9
        D:9 |    1013 |    1667 |  62.2 |      23 |      23 |  50.0
    Ossuary |       0 |     246 | 100.0 |       0 |      13 | 100.0
            +---------+---------+-------+---------+---------+-------
